 Dungeon Crawl Stone Soup version 0.19.0 (webtiles) character file.

37 Gargoyl the Skirmisher (level 3, 0/29 HPs)
             Began as a Demonspawn Abyssal Knight on Nov 2, 2016.
             Was a Follower of Lugonu.
             Slain by an orc
             ... wielding a +0 mace
              (7 damage)
             ... on level 3 of the Dungeon.
             The game lasted 00:02:28 (1769 turns).

Gargoyl the Skirmisher (Demonspawn Abyssal Knight)  Turns: 1769, Time: 00:02:29

Health: 0/29       AC:  3    Str: 13    XL:     3   Next: 23%
Magic:  5/5        EV: 16    Int: 18    God:    Lugonu [*.....]
Gold:   94         SH:  0    Dex: 17    Spells: 0 memorised, 2 levels left

rFire  . . .     SeeInvis .     a - +1 hand axe
rCold  . . .     Gourm    .     b - +0 leather armour
rNeg   . . .     Faith    .     (no shield)
rPois  .         Spirit   .     (helmet restricted)
rElec  .         Reflect  .     (no cloak)
rCorr  .         Harm     .     (no gloves)
MR     .....                    (no boots)
Stlth  ++........               (no amulet)
                                (no ring)
                                (no ring)

@: brilliant, agile
A: horns 2
a: Depart the Abyss, Renounce Religion


You were on level 3 of the Dungeon.
You worshipped Lugonu.
Lugonu was aware of your devotion.
You were hungry.

You visited 1 branch of the dungeon, and saw 3 of its levels.
You visited the Abyss 1 time.

You collected 94 gold pieces.

Inventory:

Hand Weapons
 a - a +1 hand axe (weapon)
Armour
 b - a +0 leather armour (worn)
Scrolls
 e - a scroll of identify {unknown}
 k - a scroll of teleportation {unknown}
Potions
 g - a potion of heal wounds {unknown}
 i - a potion of lignification {unknown}
 l - a potion of curing {unknown}
 m - a potion of cancellation {unknown}
Miscellaneous
 d - a sack of spiders
Comestibles
 c - 2 bread rations
 f - 2 beef jerkies


   Skills:
 + Level 3.4 Fighting
 + Level 2.0 Axes
 * Level 2.3 Armour
 + Level 1.1 Dodging
 * Level 3.1 Invocations


You had 2 spell levels left.
You didn't know any spells.

Dungeon Overview and Level Annotations

Branches:
Dungeon (3/15)

Altars:


Innate Abilities, Weirdness & Mutations

You have a pair of horns on your head.


Message History

Unknown command.
There is a stone staircase leading down here.
You climb downwards.
An orc comes into view. It is wielding a mace.
Found a stone staircase leading up.
There is a stone staircase leading up here.
You barely miss the hobgoblin. The hobgoblin hits you with a club.
You hit the hobgoblin but do no damage. Your headbutt misses the hobgoblin.
You hit the orc.
The hobgoblin hits you but does no damage.
The orc hits you with a mace.
* * * LOW HITPOINT WARNING * * *
It was a potion of brilliance.
You feel clever all of a sudden.
The hobgoblin hits you but does no damage.
The orc hits you but does no damage.
It was a potion of agility.
You feel agile all of a sudden. The hobgoblin barely misses you.
The orc hits you with a mace!
You die... #.########## #..g@o<..... ############

You could see an orc and a hobgoblin.

Vanquished Creatures
  3 worms (D:2)
  A dart slug (D:1)
  2 leopard geckos (D:1)
  5 goblins
  4 hobgoblins
  A bat (D:2)
  5 frilled lizards
  A kobold (D:1)
  4 rats (D:1)
26 creatures vanquished.

Notes
Turn   | Place    | Note
-------+----------+-------------------------------------------
     0 | Abyss:1  | Gargoyl the Demonspawn Abyssal Knight began the quest for the Orb.
     0 | Abyss:1  | Reached XP level 1. HP: 18/18 MP: 2/2
    31 | Abyss:2  | Noticed a small abomination
    44 | Abyss:2  | Got a brightly glowing lead ring
    45 | D:1      | Escaped the Abyss
    46 | D:1      | Identified the ring "Laoruthi" {rC+ Int+4 Dex-4} (You found it on level 2 of the Abyss)
   136 | D:1      | Reached skill level 1 in Dodging
   439 | D:1      | Gained mutation: You have a pair of small horns on your head. [demonic ancestry]
   439 | D:1      | Reached XP level 2. HP: 12/24 MP: 4/4
   657 | D:1      | Reached * piety under Lugonu
  1328 | D:2      | Gained mutation: You have a pair of horns on your head. [demonic ancestry]
  1328 | D:2      | Reached XP level 3. HP: 6/29 MP: 5/5
  1769 | D:3      | Slain by an orc

Skill      XL: |  1  2 |
---------------+-------+-----
Dodging        | 1 |  1.1
Armour         | 2 |  2.3
Axes           | 2 |  2.0
Invocations    | 3 |  3.1
Fighting       | |  3.4

Action                   || total
-------------------------++-------
Melee: Hand axe          ||    73
       Headbutt          ||    15
Invok: Depart the Abyss  ||     1
  Use: Potion            ||     2
  Eat: Chunk             ||     2
Armor: Leather armour    ||    18
Dodge: Dodged            ||    30
